Map: Ancient Cistern LE

Players

llllllllllll

  • Race: Protoss Protoss
  • League: Master
  • Spawn Location: 1:00

A.I. 1 (Very Easy) - Winner!

  • Race: Terran Terran
  • Spawn Location: 7:00

VOD

Have the link to the VOD?

Description

Time

  • Played on: April 21, 2023, 5:38 a.m.
  • Length: 4:53
Show
View Real Time Build Order
Export as new Build Order

llllllllllll Protoss 

Build Orders: 1 Gate Expand, Blink Stalkers 

Get SALT Encoding   

  12  0:00  Probe  
  13  0:12  Probe  
  14  0:17  Pylon  
  14  0:24  Probe (Chrono Boost)  
  16  0:36  Probe (Chrono Boost), Gateway  
  16  0:42  Probe (Chrono Boost)  
  16  0:45  Assimilator  
  17  0:51  Probe  
  18  1:03  Probe  
  19  1:15  Probe  
  20  1:23  Cybernetics Core  
  20  1:32  Nexus  
  20  1:39  Pylon  
  20  1:42  Probe  
  21  1:49  Assimilator  
  21  1:54  Probe  
  21  1:58  Adept (Chrono Boost)  
  24  2:03  Warp Gate  
  24  2:06  Probe  
  25  2:18  Probe (Chrono Boost)  
  26  2:23  Twilight Council  
  27  2:31  Probe (Chrono Boost)  
  27  2:35  Stalker  
  27  2:36  Probe (Chrono Boost)  
  30  2:45  Probe  
  30  2:48  Probe  
  32  2:52  Blink (Chrono Boost)  
  32  2:57  Probe  
  33  3:06  Gateway  
  33  3:07  Gateway  
  33  3:11  Pylon  
  33  3:14  Probe  
  33  3:16  Probe  
  35  3:27  Probe  
  36  3:29  Gateway  
  36  3:30  Probe  
  37  3:39  Probe  
  38  3:42  Probe  
  39  3:51  Probe  
  40  4:01  Stalker x3  
  47  4:07  Nexus  
  46  4:25  Stalker x4  
  46  4:29  Pylon  
  54  4:48  Stalker x4  
Show
View Real Time Build Order
Export as new Build Order

A.I. 1 (Very Easy) Terran - Winner!

Build Orders: Reaper Expand 

Get SALT Encoding   

  12  0:00  SCV  
  13  0:13  SCV  
  14  0:18  Supply Depot  
  14  0:43  Barracks  
  14  1:02  Command Center  
  14  1:28  SCV  
  14  1:31  Marine  
  15  1:35  Supply Depot  
  15  1:40  Refinery  
  15  1:41  Orbital Command  
  15  1:53  Refinery  
  14  2:07  SCV  
  15  2:19  SCV  
  15  2:21  Reaper  
  17  2:31  SCV  
  17  2:32  SCV  
  19  2:43  SCV  
  20  2:47  SCV  
  21  2:55  SCV  
  22  3:01  SCV  
  22  3:03  Marine  
  24  3:08  SCV  
  25  3:15  SCV  
  25  3:17  Refinery  
  26  3:23  SCV  
  27  3:30  SCV, Factory  
  28  3:46  Marine  
  29  3:52  Refinery  
  29  3:55  SCV  
  30  4:02  SCV  
  31  4:09  SCV  
  32  4:12  Supply Depot  
  32  4:16  Starport  
  32  4:17  SCV  
  33  4:24  SCV  
  34  4:31  SCV  
  36  4:38  SCV  
Tags
 
Add a new tag
Caveats
  • Supply blocks, unpowered buildings, or Contaminate may cause inaccurate times.
  • Supply counts are checked every 10 seconds.